 Dungeon Crawl Stone Soup version 0.31.0-12-g77e489cdc1 (webtiles) character file.

Game seed: 8988023861473973220

9 Chiseanne the Digger (level 2, 18/22 HPs)
             Began as a Demonspawn Wanderer on Feb 20, 2024.
             Quit the game on level 1 of the Dungeon.
             The game lasted 00:00:22 (170 turns).

Chiseanne the Digger (Demonspawn Wanderer)           Turns: 170, Time: 00:00:22

Health: 18/22      AC:  3    Str: 12    XL:     2   Next: 3%
Magic:  3/3        EV: 11    Int: 11    God:
Gold:   10         SH:  0    Dex: 13    Spells: 2/3 levels left

rFire   . . .        a - +1 dagger
rCold   . . .        (no shield)
rNeg    . . .        e - +0 leather armour
rPois   .            (helmet restricted)
rElec   .            (no cloak)
rCorr   .            (no gloves)
SInv    .            (no boots)
Will    .....        (no amulet)
Stlth   ++           (no ring)
HPRegen 0.23/turn    (no ring)
MPRegen 0.08/turn

%: no passive effects
@: no status effects
A: antennae 1
a: no special abilities


You were on level 1 of the Dungeon.
You visited 1 branch of the dungeon, and saw 1 of its levels.

You collected 10 gold pieces.

Inventory:

Hand Weapons
 a - a +1 dagger (weapon)
Missiles
 b - an atropa-tipped dart (quivered)
 c - 2 datura-tipped darts
Armour
 e - a +0 leather armour (worn)
Scrolls
 d - 2 scrolls of fog
Potions
 f - a potion of berserk rage {unknown}


   Skills:
 * Level 2.2 Fighting
 * Level 1.3 Armour
 * Level 1.3 Dodging
 - Level 1.7 Stealth
 - Level 1.0 Spellcasting
 - Level 2.6 Earth Magic


You had 2 spell levels left.
You knew the following spells:

 Your Spells              Type           Power      Damage    Failure   Level
a - Sandblast             Erth           12%        2d6       14%         1

Your spell library contained the following spells:

 Spells                   Type           Power      Damage    Failure   Level
 Stone Arrow              Conj/Erth      6%         3d7       56%         3


Dungeon Overview and Level Annotations

Branches:
Dungeon (1/15)

Altars:


Innate Abilities, Weirdness & Mutations

You have a pair of small antennae on your head.


Message History

You hit the ball python but do no damage.
The ball python is heavily wounded.
The ball python bites you but does no damage.
The ball python grabs you. The ball python constricts you.
You hit the ball python.
The ball python is severely wounded.
The ball python bites you. The ball python constricts you.
You barely miss the ball python.
The ball python is severely wounded.
The ball python bites you but does no damage.
The ball python constricts you. The ball python barely misses you.
The ball python constricts you.
You hit the ball python.
You kill the ball python!
No target in view!
No target in view!
No target in view!
No target in view!
No target in view!
No target in view!
You now have 10 gold pieces.
d - 2 scrolls of fog (gained 1)
f - a smoky coppery potion A ball python comes into view.
The ball python hisses angrily.
The ball python bites you but does no damage.
The ball python grabs you. The ball python constricts you.
You barely miss the ball python.
The ball python bites you but does no damage.
The ball python constricts you. The ball python barely misses you.
The ball python constricts you.
You barely miss the ball python. The ball python bites you.
The ball python constricts you.
You hit the ball python.
You kill the ball python!
You have reached level 2!
You feel monstrous as your demonic heritage exerts itself.
Your demonic ancestry asserts itself...
A pair of antennae grows on your head!
Are you sure you want to abandon this character and quit the game? (Confirm with "yes".)

..........# #.#
#.#..###..# #.#
#.#.......## #.#
#......#...####.#
###..#.#........#
###..>.....######
.....##...##
########.##
######.##. #.#
#.@†...... ##.##
#.####.### #### #...#
#.# ...#
#...#####.##.#.# ##.#
#..............#
#.####...#####.##.###
#........# #^# #
######....# #..
....#.....# #.##


There were no monsters in sight!

Vanquished Creatures
  2 ball pythons (D:1)
  An endoplasm (D:1)
  A giant cockroach (D:1)
  A goblin (D:1)
  A quokka (D:1)
  A frilled lizard (D:1)
7 creatures vanquished.

Notes
Turn   | Place    | Note
-------+----------+-------------------------------------------
     0 | D:1      | Chiseanne the Demonspawn Wanderer began the quest for the
                  | Orb.
     0 | D:1      | Chiseanne set off with the following items: a +1 dagger, an
                  | atropa-tipped dart, 2 datura-tipped darts, a scroll of fog,
                  | a +0 leather armour; and the following spell memorised:
                  | Sandblast; and the following spells available to memorise:
                  | Stone Arrow.
     0 | D:1      | Reached XP level 1. HP: 16/16 MP: 2/2
   170 | D:1      | Discovered your monstrous ancestry.
   170 | D:1      | Gained mutation: You have a pair of small antennae on your
                  | head. [demonic ancestry]
   170 | D:1      | Reached XP level 2. HP: 18/22 MP: 3/3
   170 | D:1      | Quit the game

Illustrated notes

Levels and vault maps discovered:
D:1:      lemuel_arrival_behind_the_door_small, layout_loops_cross,
          serial_bayou_pond_e

Action                     || total
---------------------------++-------
  Melee: Dagger            ||    27
 Armour: Leather armour    ||    15
  Dodge: Dodged            ||    15
